Map: Asper Mountain

Players

SnakeEyes

  • Race: Protoss Protoss
  • Spawn Location: 9:00

Roumas

  • Race: Terran Terran
  • League: Diamond
  • Spawn Location: 12:00

MumaPadurii

  • Race: Zerg Zerg
  • League: Diamond
  • Spawn Location: 9:00

HunterArmy

  • Race: Terran Terran
  • League: Silver
  • Spawn Location: 7:00

Rugi - Winner!

  • Race: Terran Terran
  • League: Master
  • Spawn Location: 1:00

dallaskuken - Winner!

  • Race: Protoss Protoss
  • League: Platinum
  • Spawn Location: 5:00

Loken - Winner!

  • Race: Zerg Zerg
  • League: Platinum
  • Spawn Location: 3:00

FrogMint - Winner!

  • Race: Zerg Zerg
  • Spawn Location: 3:00

VOD

Have the link to the VOD?

Description

Time

  • Played on: March 13, 2017, 9 p.m.
  • Length: 18:48
Show
View Real Time Build Order
Export as new Build Order

SnakeEyes Protoss 

Build Orders: Mass Adepts 

Get SALT Encoding   

  12  0:01  Probe (Chrono Boost)  
  13  0:12  Probe (Chrono Boost)  
  14  0:19  Pylon  
  14  0:23  Probe (Chrono Boost)  
  15  0:37  Probe (Chrono Boost)  
  15  0:41  Gateway  
  16  0:48  Probe (Chrono Boost)  
  17  0:53  Assimilator  
  17  0:58  Probe (Chrono Boost)  
  18  1:09  Probe (Chrono Boost)  
  19  1:13  Gateway  
  19  1:19  Probe (Chrono Boost)  
  20  1:30  Probe (Chrono Boost)  
  21  1:37  Cybernetics Core  
  21  1:39  Pylon  
  21  1:42  Assimilator  
  21  1:53  Pylon  
  21  1:59  Warp Gate  
  21  2:00  Probe (Chrono Boost)  
  22  2:16  Adept x2  
  22  2:22  Gateway  
  26  2:25  Gateway  
  26  2:43  Adept x2  
  30  2:57  Pylon  
  31  3:00  Probe (Chrono Boost)  
  31  3:26  Adept x4  
  39  3:53  Pylon  
  39  4:00  Nexus  
  37  4:38  Adept x4  
  43  4:54  Twilight Council  
  43  5:03  Adept x4  
  51  5:08  Forge  
  49  5:41  Resonating Glaives  
  41  5:47  Protoss Ground Weapons Level 1  
  33  5:51  Adept x2  
  33  5:52  Adept x2  
  31  6:16  Probe (Chrono Boost)  
  31  6:17  Probe (Chrono Boost)  
  33  6:18  Adept  
  35  6:27  Probe (Chrono Boost)  
  35  6:30  Probe (Chrono Boost)  
  37  6:32  Adept x2  
  37  6:33  Adept  
  43  6:46  Probe x2 (Chrono Boost)  
  45  7:08  Charge  
  45  7:09  Adept x2  
  45  7:10  Adept x2  
  53  7:33  Dark Shrine  
  53  7:34  Pylon  
  53  7:37  Pylon  
  55  7:44  Probe x2 (Chrono Boost)  
  55  7:50  Pylon  
  55  7:56  Probe x2 (Chrono Boost)  
  55  7:58  Adept x4  
  65  8:08  Probe (Chrono Boost)  
  66  8:37  Protoss Ground Weapons Level 2  
  66  8:48  Dark Templar  
  66  8:49  Dark Templar x3  
  66  8:52  Assimilator  
  74  8:56  Assimilator  
  75  9:04  Probe (Chrono Boost)  
  75  9:08  Probe (Chrono Boost)  
  76  9:11  Pylon  
  76  9:16  Probe (Chrono Boost)  
  75  9:19  Pylon  
  75  9:21  Probe (Chrono Boost)  
  66  9:30  Dark Templar x3  
  72  10:12  Dark Templar x3  
  72  10:13  Nexus  
  78  10:17  Assimilator x2  
  52  11:04  Dark Templar x4  
  60  11:16  Archon x2  
  51  11:33  Archon x2  
  51  11:37  Dark Templar x3  
  52  11:44  Archon  
  45  11:53  Dark Templar  
  45  12:07  Pylon  
  43  12:10  Pylon  
  43  12:14  Zealot x3  
  39  12:41  Dark Templar x2  
  39  12:42  Dark Templar  
  41  13:24  Dark Templar  
  41  13:25  Dark Templar x2  
  47  13:59  Zealot x4  
  55  14:09  Pylon  
  55  14:10  Pylon  
  55  14:53  Dark Templar x4  
  43  15:33  Dark Templar x4  
  49  16:09  Dark Templar x2  
  43  16:11  Zealot x2  
  43  16:40  Dark Templar x2  
  43  16:41  Dark Templar  
  43  16:42  Zealot  
  35  17:54  Dark Templar x3  
  35  17:56  Zealot  
Show
View Real Time Build Order
Export as new Build Order

Roumas Terran 

Build Orders: MMM Bio 

Get SALT Encoding   

  12  0:05  SCV  
  13  0:17  SCV  
  14  0:28  Supply Depot  
  14  0:29  SCV  
  15  0:49  SCV  
  16  0:50  Barracks  
  16  0:56  Refinery  
  17  1:05  SCV  
  17  1:17  SCV  
  18  1:29  SCV  
  19  1:34  Command Center  
  19  1:41  Refinery, SCV  
  19  1:42  Marine  
  21  1:54  SCV  
  22  1:59  Marine  
  23  2:06  Orbital Command  
  23  2:16  Factory  
  23  2:40  Barracks Tech Lab  
  23  2:47  SCV  
  24  2:55  Barracks  
  24  3:00  SCV  
  24  3:09  Starport  
  24  3:10  Factory Tech Lab  
  24  3:12  SCV, Marine  
  25  3:21  SCV  
  26  3:30  Marine  
  26  3:33  SCV  
  28  3:43  Barracks  
  28  3:45  SCV  
  28  3:47  Combat Shields, Engineering Bay  
  28  3:48  Marine  
  30  3:56  Barracks Reactor  
  30  3:57  SCV  
  31  4:05  Starport Reactor  
  31  4:06  Marine  
  31  4:09  SCV  
  33  4:19  Terran Infantry Weapons Level 1  
  33  4:21  SCV  
  33  4:23  Barracks, Marine  
  35  4:32  Armory, Marine x2  
  35  4:33  SCV  
  38  5:01  Supply Depot  
  38  5:06  Stimpack  
  38  5:20  Barracks Reactor  
  38  5:23  Barracks Reactor, SCV, Marine x3  
  38  5:26  Supply Depot  
  42  5:28  Starport  
  42  5:35  SCV  
  43  5:41  Marine x2  
  45  5:47  SCV  
  45  5:48  Medivac  
  45  5:49  Supply Depot  
  48  5:57  Marine x2  
  48  5:58  Marine  
  48  5:59  SCV  
  48  6:01  Marine x2  
  54  6:08  Barracks  
  54  6:10  Marine x2  
  56  6:11  SCV, Starport Reactor  
  56  6:12  Supply Depot  
  56  6:13  Starport Tech Lab  
  56  6:14  Terran Infantry Armor Level 1  
  56  6:15  Marine x2  
  56  6:16  Marine  
  60  6:19  Marine x2  
  62  6:28  Marine x2  
  53  6:33  Marine x2  
  53  6:34  Marine  
  53  6:37  Marine x2  
  57  6:46  Marine x2  
  59  6:56  Command Center  
  59  7:03  Barracks Reactor  
  59  7:06  Supply Depot  
  59  7:07  Concussive Shells  
  59  7:28  Marine x4  
  59  7:29  Supply Depot  
  63  7:50  Marine x3  
  63  7:51  Marine x3, Medivac  
  71  7:52  Supply Depot  
  67  8:08  Marine x2  
  64  8:15  Marine  
  64  8:24  SCV  
  64  8:26  Marine x2  
  67  8:33  Marine  
  68  8:36  SCV  
  68  8:38  SCV  
  70  8:48  Refinery, SCV  
  70  8:50  SCV, Marine  
  70  8:52  Marine x2  
  70  8:54  Medivac  
  70  8:55  Marine x2  
  77  9:00  SCV  
  77  9:02  Terran Infantry Armor Level 2, SCV  
  81  9:08  Marine  
  81  9:09  Marine x2  
  82  9:13  SCV, Marine x2  
  80  9:25  SCV  
  80  9:26  Marine  
  80  9:27  Marine  
  83  9:37  SCV  
  84  9:50  Marine x2  
  86  9:56  Supply Depot  
  86  9:58  Marine x2  
  88  10:03  Command Center  
  88  10:07  Marine  
  88  10:08  Marine  
  90  10:15  Marine  
  90  10:16  Marine  
  91  10:25  Marine  
  68  10:29  Marine x2  
  68  10:30  Marine  
  68  10:31  Marine  
  67  10:36  Marine  
  67  10:37  Marine x3  
  67  10:43  Marine  
  67  10:47  Marine x2  
  67  10:48  Marine x2  
  65  10:54  Marine x3  
  65  10:55  Marine  
  61  11:01  Marine  
  58  11:06  SCV, Marine x2  
  61  11:12  Marine x4  
  65  11:18  SCV  
  65  11:19  Marine  
  65  11:24  Marine x2  
  66  11:30  SCV  
  66  11:37  Marine  
  67  11:42  SCV  
  53  11:55  SCV  
  53  11:59  SCV  
  41  12:07  SCV  
  42  12:09  Marine x2  
  42  12:10  Marine  
  42  12:11  SCV, Marine  
  47  12:17  Marine x2  
  47  12:19  SCV  
  47  12:20  Terran Infantry Weapons Level 2  
  50  12:26  Marine  
  50  12:27  Marine  
  50  12:28  Marine x2  
  54  12:31  SCV  
  54  12:34  Marine x2  
  57  12:43  SCV  
  58  12:44  Marine x2  
  58  12:46  Marine x2  
  62  12:55  SCV  
  52  13:04  Marine x2  
  42  14:08  Refinery  
  42  14:09  SCV  
  43  14:19  Marine x2  
  43  14:21  SCV, Marine x2  
  48  14:24  Marine  
  48  14:25  Marine  
  48  14:26  Marine x2  
  48  14:30  Medivac  
  54  14:37  Marine x2  
  56  14:38  Marine  
  56  14:39  Marine  
  56  14:42  Marine x2  
  56  14:44  Marine x2  
  56  14:45  Terran Infantry Armor Level 3  
  55  14:55  Marine x2  
  55  14:56  Marine  
  55  14:59  Medivac  
  53  15:00  Marine x2  
  53  15:02  Marine  
  58  15:13  Marine x2  
  52  15:18  Marine x2  
  41  16:07  Supply Depot  
  41  16:11  Supply Depot  
  41  16:32  Marine x5  
  41  16:33  Command Center  
  41  16:35  Supply Depot x2  
  41  16:38  Marine  
  45  16:43  Terran Vehicle And Ship Armor Level 1  
  45  16:50  Marine  
  46  16:56  Marine x5  
  46  16:58  Supply Depot  
  51  17:02  Supply Depot  
  51  17:08  Marine  
  51  17:14  Marine x5  
  55  17:19  Marine x2  
  57  17:26  Marine  
  56  17:32  Marine x5  
  61  17:44  Marine  
  61  17:46  Refinery  
  61  17:50  Marine x5  
  56  17:57  SCV  
  44  18:07  Marine  
  44  18:09  SCV  
  44  18:12  Marine x2  
  47  18:13  Marine  
  47  18:21  SCV  
  47  18:25  Marine  
  49  18:30  Marine x2  
  49  18:33  SCV  
Show
View Real Time Build Order
Export as new Build Order

MumaPadurii Zerg 

Build Orders: Hatch First, Lurkers 

Get SALT Encoding   

  12  0:06  Drone  
  13  0:15  Drone  
  14  0:23  Extractor x2  
  14  0:24  Drone x2  
  16  0:48  Hatchery  
  15  1:05  Spawning Pool  
  15  1:07  Extractor  
  15  1:08  Overlord  
  13  1:52  Queen  
  15  1:55  Spine Crawler  
  15  1:58  Drone x3  
  17  2:02  Queen  
  20  2:08  Drone  
  20  2:19  Metabolic Boost  
  20  2:27  Drone  
  21  2:42  Drone x3  
  24  2:57  Overlord x2  
  25  2:58  Drone x2  
  26  3:06  Extractor  
  25  3:23  Drone x2  
  25  3:24  Drone x3  
  30  3:30  Lair  
  30  3:35  Extractor  
  30  3:36  Extractor  
  28  3:41  Drone x2  
  28  3:42  Drone x2  
  32  3:56  Overlord  
  32  3:58  Drone x2  
  34  4:18  Drone x2  
  36  4:30  Zergling x4  
  36  4:31  Hatchery, Zergling x6  
  41  4:32  Zergling x2  
  41  4:42  Spine Crawler  
  40  4:57  Infestation Pit  
  39  5:05  Overlord  
  39  5:06  Drone x4  
  39  5:07  Drone x2  
  45  5:21  Overlord  
  45  5:22  Drone x3  
  48  5:29  Burrow  
  48  5:49  Overseer x2  
  48  5:53  Pathogen Glands  
  48  5:56  Drone x5  
  48  5:57  Drone x3  
  55  6:03  Queen  
  58  6:19  Spine Crawler  
  57  6:25  Infestor  
  57  6:26  Infestor x4  
  57  6:27  Infestor  
  69  6:52  Drone x2  
  69  6:53  Drone x3  
  74  6:54  Overlord x4  
  74  6:55  Overlord  
  74  7:05  Hydralisk Den  
  73  7:15  Drone x3  
  75  7:16  Drone x5  
  81  7:24  Infestor x5  
  81  7:25  Infestor  
  81  7:27  Extractor  
  81  7:28  Extractor  
  79  7:38  Muscular Augments  
  79  7:41  Hydralisk x5  
  79  7:42  Hydralisk x3  
  90  8:47  Hydralisk x6  
  90  8:48  Hydralisk x6  
  91  9:31  Hydralisk x3  
  91  9:32  Hydralisk x7  
  91  9:33  Hydralisk  
  91  9:36  Overlord  
  91  9:37  Overlord x6  
  91  9:38  Overlord x3  
  77  10:38  Hydralisk x4  
  77  10:39  Hydralisk x7  
  77  10:40  Hydralisk x6  
  77  10:41  Hydralisk  
  113  10:45  Lurker Den  
  111  11:14  Spore Crawler  
  111  11:15  Spore Crawler x2  
  111  11:16  Spore Crawler  
  111  11:17  Spore Crawler  
  105  11:27  Spore Crawler  
  105  11:29  Spore Crawler  
  105  11:30  Spore Crawler  
  84  12:00  Hydralisk x2  
  88  12:01  Hydralisk  
  88  12:02  Hydralisk x6  
  88  12:03  Hydralisk x5  
  69  12:41  Lurker x2  
  69  12:42  Lurker x6  
  69  12:43  Lurker x2  
  50  13:08  Infestor  
  50  13:09  Infestor x5  
  50  13:11  Zergling x8  
  50  13:12  Zergling x6  
  40  13:47  Zergling x2  
  40  13:48  Zergling x12  
  31  14:37  Zergling x2  
  31  14:38  Zergling x12  
  36  14:39  Zergling x8  
  42  14:51  Evolution Chamber  
  42  14:52  Evolution Chamber  
  40  15:01  Overseer  
  40  15:06  Overseer  
  40  15:15  Infestor  
  40  15:16  Infestor x5  
  27  17:03  Hydralisk x6  
  39  17:35  Lurker  
  39  17:36  Lurker x5  
Show
View Real Time Build Order
Export as new Build Order

HunterArmy Terran 

Build Orders: Mech 

Get SALT Encoding   

  12  0:02  SCV  
  13  0:14  SCV  
  14  0:25  Supply Depot  
  14  0:26  SCV  
  15  0:30  Refinery  
  15  0:47  Supply Depot  
  15  0:55  Barracks  
  15  1:10  Barracks  
  15  1:14  SCV  
  16  1:26  SCV, Supply Depot  
  17  1:42  Marine  
  18  1:49  Orbital Command  
  18  1:58  Refinery  
  18  2:00  Marine  
  19  2:04  Reaper  
  20  2:24  Factory  
  20  2:29  SCV  
  21  2:33  Marine  
  21  2:36  Marine  
  23  2:41  SCV  
  24  2:51  Reaper  
  25  2:52  Engineering Bay  
  25  2:53  SCV  
  26  3:05  SCV  
  27  3:08  Factory Tech Lab  
  27  3:14  Starport  
  27  3:17  SCV  
  28  3:22  Missile Turret  
  28  3:27  Siege Tank  
  28  3:29  SCV  
  31  3:57  Command Center  
  31  4:00  Siege Tank  
  34  4:07  Barracks Reactor  
  34  4:16  Starport Reactor  
  34  4:18  Barracks Reactor, SCV  
  34  4:21  Barracks  
  35  4:26  Barracks  
  35  4:38  Siege Tank  
  38  4:58  Marine  
  39  5:05  Supply Depot  
  39  5:08  Marine x3  
  39  5:10  Widow Mine  
  39  5:11  Orbital Command  
  44  5:16  Marine  
  44  5:20  Missile Turret  
  44  5:38  Barracks Reactor, Barracks Tech Lab  
  44  5:43  Factory  
  44  5:44  Factory  
  44  5:45  SCV  
  44  5:49  SCV  
  46  5:57  SCV  
  47  6:09  Widow Mine, SCV  
  50  6:15  Factory  
  50  6:17  SCV  
  51  6:21  SCV  
  51  6:22  Medivac  
  54  6:29  SCV  
  54  6:32  Refinery  
  55  6:33  SCV  
  55  6:37  Refinery  
  55  6:38  Widow Mine  
  55  6:39  Marine  
  59  6:42  SCV  
  59  6:45  SCV  
  61  6:54  SCV  
  62  7:14  Supply Depot  
  62  7:15  Supply Depot  
  62  7:35  Widow Mine, Marine x4  
  62  7:36  Widow Mine x2, Reaper x2, SCV, Factory Tech Lab, Marine, Medivac  
  78  7:38  Supply Depot  
  78  7:50  Command Center  
  78  8:00  SCV x2  
  78  8:04  Widow Mine, Armory  
  78  8:05  Armory  
  82  8:12  SCV  
  83  8:13  Factory Tech Lab x2  
  83  8:26  Stimpack  
  83  8:32  Widow Mine  
  67  9:00  Siege Tank x3  
  67  9:02  Marine x2  
  74  9:07  Thor  
  81  9:13  Orbital Command  
  81  9:23  Orbital Command  
  81  9:32  Thor  
  81  9:34  SCV  
  81  9:35  SCV  
  89  9:42  Refinery  
  89  9:46  SCV  
  89  9:47  SCV  
  91  9:59  SCV x2  
  91  10:05  Marine x2  
  91  10:06  Marine x3  
  96  10:08  Refinery  
  96  10:11  SCV x2  
  97  10:23  SCV x2  
  96  10:30  Thor  
  96  10:31  Marine  
  96  10:33  Marine x3  
  96  10:35  Marine x3  
  101  10:37  Thor  
  101  11:10  Terran Vehicle Weapons Level 1, Terran Vehicle And Ship Armor Level 1, Supply Depot  
  101  11:11  Supply Depot  
  101  11:13  Supply Depot  
  101  11:14  Supply Depot  
  101  11:16  Marine x3  
  101  11:17  Marine  
  101  11:19  Marauder  
  101  11:21  Thor  
  88  11:28  Siege Tank x3  
  93  11:40  Marauder  
  93  11:44  Missile Turret  
  93  11:46  Missile Turret x2  
  95  11:48  Missile Turret  
  95  11:51  Missile Turret  
  95  12:00  Siege Tank x2  
  95  12:01  Siege Tank  
  102  12:05  Siege Tank  
  99  12:09  Orbital Command  
  99  12:11  Marine  
  99  12:12  Marine  
  70  12:23  Marine x2  
  70  12:24  Marine x3  
  70  12:29  Marine x2  
  77  12:37  Thor  
  81  12:44  Marine  
  81  12:45  Marine x4  
  81  12:47  Marine x2  
  82  13:02  Marine x2  
  82  13:03  Marauder, Marine x2  
  82  13:05  Marine x2  
  69  13:20  Marine x2  
  69  13:25  Siege Tank x2  
  68  13:30  Medivac  
  70  13:40  Viking  
  68  13:50  Orbital Command, Siege Tank x2  
  74  14:00  Viking  
  74  14:01  Siege Tank  
  79  14:08  Widow Mine  
  81  14:21  Widow Mine  
  46  14:53  Siege Tank x2  
  46  14:54  Siege Tank x2  
  58  15:00  Marine x2  
  43  15:36  Marine x2  
  43  15:37  Bunker  
Show
View Real Time Build Order
Export as new Build Order

Rugi Terran - Winner!

Build Orders:  

Get SALT Encoding   

  12  0:00  SCV  
  13  0:12  SCV  
  14  0:18  Supply Depot  
  14  0:25  SCV  
  15  0:39  SCV  
  16  0:44  Barracks  
  16  0:49  Refinery  
  16  0:51  SCV  
  17  1:03  SCV  
  18  1:13  Barracks  
  18  1:16  SCV  
  19  1:24  Supply Depot  
  19  1:32  Orbital Command  
  19  1:33  Reaper  
  20  1:58  SCV  
  21  2:01  Reaper  
  22  2:08  Command Center  
  22  2:11  Reaper  
  23  2:16  SCV  
  24  2:24  Refinery  
  24  2:28  SCV  
  26  2:44  Reaper  
  26  2:46  Reaper  
  26  2:47  SCV  
  28  2:54  Command Center  
  27  3:17  Barracks Tech Lab  
  27  3:18  Barracks Reactor  
  27  3:19  SCV  
  28  3:24  Orbital Command  
  28  3:31  SCV  
  28  3:32  Engineering Bay  
  29  3:35  Factory  
  29  3:43  SCV  
  29  3:45  Marine  
  29  3:46  Stimpack  
  31  3:50  SCV  
  32  3:55  SCV  
  32  4:02  SCV  
  34  4:07  SCV  
  34  4:30  SCV x2  
  35  4:36  Marine x3  
  38  4:39  Factory Reactor  
  38  4:41  Terran Infantry Weapons Level 1  
  38  4:42  Starport, SCV  
  38  4:43  SCV  
  40  4:54  SCV  
  40  4:55  SCV, Marine  
  40  4:56  Marine x2  
  45  5:06  SCV  
  46  5:11  SCV, Barracks  
  46  5:12  Barracks  
  45  5:25  SCV x2  
  45  5:26  Medivac x2  
  45  5:27  Marine x3  
  54  5:29  Orbital Command  
  54  5:34  Supply Depot  
  54  5:37  SCV  
  55  5:48  Marine x3  
  58  5:50  SCV  
  58  5:53  Factory Reactor  
  58  5:55  SCV x2  
  61  5:59  Refinery  
  61  6:00  Refinery  
  61  6:02  SCV  
  61  6:03  Barracks Reactor  
  62  6:04  Barracks Reactor  
  62  6:06  Marine x2  
  62  6:07  SCV, Medivac  
  62  6:09  Medivac  
  69  6:27  Supply Depot  
  69  6:29  Marine x2  
  69  6:30  Supply Depot  
  71  6:37  Orbital Command  
  71  6:50  SCV x2  
  73  7:22  Missile Turret  
  73  7:23  Missile Turret  
  73  7:24  Missile Turret  
  73  7:26  Missile Turret  
  73  7:27  Missile Turret  
  73  7:30  SCV x2, Missile Turret  
  73  7:31  Missile Turret x4  
  73  7:32  Marine x3  
  73  7:33  Marauder, Widow Mine x2, Marine x3  
  87  7:37  Medivac  
  87  7:38  Medivac  
  87  7:42  SCV x2  
  93  7:46  Missile Turret x2  
  93  7:47  Missile Turret  
  93  7:48  Missile Turret  
  93  7:50  Missile Turret  
  93  7:52  Missile Turret x2  
  93  8:00  Supply Depot  
  93  8:02  Marauder  
  93  8:04  Supply Depot  
  92  8:06  Widow Mine  
  89  8:18  SCV x2  
  89  8:19  Missile Turret, SCV  
  92  8:20  Missile Turret  
  92  8:23  Marauder, Supply Depot  
  94  8:31  Missile Turret  
  94  8:32  Liberator x2  
  94  8:38  Marine x5  
  94  8:39  Marine, Terran Infantry Armor Level 1  
  94  8:40  Engineering Bay  
  100  8:44  Marauder  
  100  8:47  SCV, Armory  
  103  8:50  Widow Mine x2  
  103  8:53  SCV x2  
  115  9:05  SCV  
  116  9:17  SCV  
  116  9:20  Missile Turret  
  117  9:31  Refinery  
  117  9:32  Refinery x2  
  117  9:33  Refinery  
  117  10:02  Supply Depot  
  117  10:03  Supply Depot  
  117  10:05  Supply Depot x2  
  117  10:21  SCV, Marine x6  
  124  10:24  Marauder  
  124  10:25  Widow Mine x2  
  130  10:32  Liberator x2  
  130  10:33  SCV, Barracks  
  130  10:35  Barracks x2  
  131  10:38  Terran Infantry Weapons Level 2, Barracks, Marine x3  
  131  10:40  Barracks  
  131  10:41  Terran Infantry Armor Level 2  
  134  10:44  Barracks  
  134  10:45  Marauder, SCV, Marine x2  
  134  10:46  Marine  
  146  10:56  Marine x2  
  148  10:57  SCV  
  149  11:06  Combat Shields  
  149  11:07  Marauder  
  149  11:09  SCV  
  152  11:25  Barracks  
  152  11:26  Barracks Tech Lab x2  
  152  11:27  Barracks, Barracks Tech Lab x2  
  152  11:28  Marauder  
  152  11:29  Barracks  
  142  11:57  Marine  
  142  11:58  Marauder x3, Marine x4  
  142  11:59  Marauder x2  
  155  12:07  Marine x2  
  157  12:20  Marine  
  157  12:25  Marine  
  157  12:26  Marine x2, Medivac  
  157  12:28  Medivac  
  157  12:29  Widow Mine  
  157  12:30  Widow Mine, Marauder  
  142  12:44  Marauder x2, Marine x4  
  129  12:45  Marine, Barracks Tech Lab  
  129  12:46  Marauder x2, Marine  
  129  12:49  SCV x2  
  129  12:50  Marine  
  144  13:01  SCV, Marine  
  144  13:02  Marine  
  149  13:05  Marauder  
  149  13:07  Missile Turret  
  149  13:09  Medivac  
  149  13:10  Widow Mine x2, Medivac  
  157  13:15  SCV  
  116  13:40  Marauder x2, Marine x5  
  116  13:41  Marauder x4, Marine  
  122  13:42  Medivac x2  
  128  13:49  Widow Mine x2  
  132  13:58  Marine x3  
  132  14:01  Terran Infantry Weapons Level 3, Terran Infantry Armor Level 3  
  129  14:26  Command Center  
  129  14:43  Starport  
  129  14:44  Factory Tech Lab  
  114  15:41  Marine x2  
  114  15:42  Marauder  
  114  16:02  Marauder, Marine x3  
  114  16:03  Marauder, Marine x6  
  114  16:04  Marine  
  126  16:13  Liberator  
  126  16:14  Liberator  
  122  16:19  Barracks  
  122  16:21  Barracks  
  122  16:22  Barracks  
  122  16:25  Barracks, Marine x4  
  124  16:26  Marine x8  
  124  16:28  Barracks, Thor  
  146  16:43  Marine x4  
  146  16:44  Marauder x2, Marine x3  
  157  16:52  Marauder x2, Marine, Medivac x2  
  157  16:53  Barracks  
  157  16:54  Barracks x2  
  166  17:00  Marine x2  
  168  17:02  Marauder  
  168  17:06  Marauder  
  172  17:16  Command Center  
  172  17:19  Missile Turret  
  172  17:20  Missile Turret x2  
  172  17:21  Missile Turret  
  172  17:22  Missile Turret, Marine  
  173  17:41  Missile Turret  
  173  17:42  Missile Turret, Marine x2  
  173  17:43  Missile Turret x2  
  173  17:45  Missile Turret  
  173  17:47  Liberator  
  173  17:51  Marine x2  
  173  17:52  Marine  
  173  17:53  Marine  
  173  17:56  Marauder  
  172  17:58  Medivac  
  172  18:02  Marauder  
  172  18:03  Missile Turret  
  172  18:05  Missile Turret x2  
  172  18:06  Missile Turret  
  172  18:07  Missile Turret  
  172  18:08  Marine  
  173  18:23  Marine  
  173  18:25  Sensor Tower  
  173  18:27  Missile Turret  
  173  18:28  Marine x2  
Show
View Real Time Build Order
Export as new Build Order

dallaskuken Protoss - Winner!

Build Orders:  

Get SALT Encoding   

  12  0:02  Probe (Chrono Boost)  
  13  0:13  Pylon  
  13  0:19  Probe (Chrono Boost)  
  14  0:29  Probe (Chrono Boost)  
  14  0:35  Forge  
  15  0:40  Probe (Chrono Boost)  
  16  1:22  Probe (Chrono Boost)  
  17  1:50  Gateway  
  17  1:58  Assimilator  
  17  2:01  Nexus  
  17  2:03  Assimilator  
  17  2:05  Pylon  
  17  2:08  Pylon  
  17  2:13  Probe (Chrono Boost)  
  18  2:23  Probe (Chrono Boost)  
  19  2:31  Gateway  
  19  2:34  Gateway, Probe (Chrono Boost)  
  20  2:44  Probe (Chrono Boost)  
  20  2:46  Cybernetics Core  
  21  2:55  Probe (Chrono Boost)  
  21  2:58  Photon Cannon  
  23  3:05  Probe (Chrono Boost)  
  23  3:07  Photon Cannon  
  23  3:13  Probe (Chrono Boost)  
  23  3:16  Probe (Chrono Boost)  
  25  3:20  Zealot  
  25  3:24  Probe (Chrono Boost)  
  28  3:33  Pylon  
  28  3:37  Probe (Chrono Boost)  
  29  3:43  Probe (Chrono Boost)  
  30  3:49  Warp Gate  
  30  3:54  Probe (Chrono Boost)  
  31  3:55  Pylon  
  31  3:57  Pylon  
  31  4:01  Assimilator  
  31  4:02  Assimilator  
  31  4:05  Probe (Chrono Boost)  
  32  4:12  Gateway  
  32  4:14  Gateway  
  32  4:15  Probe (Chrono Boost)  
  33  4:26  Probe (Chrono Boost)  
  34  4:36  Probe (Chrono Boost)  
  35  4:43  Gateway  
  35  4:44  Gateway  
  35  4:47  Probe (Chrono Boost)  
  37  4:53  Probe (Chrono Boost)  
  37  4:57  Probe (Chrono Boost)  
  38  5:03  Probe (Chrono Boost)  
  39  5:13  Protoss Ground Weapons Level 1  
  39  5:14  Probe (Chrono Boost)  
  40  5:17  Pylon  
  40  5:19  Pylon  
  40  5:34  Nexus  
  40  5:35  Gateway  
  40  5:38  Gateway  
  40  5:39  Gateway x2  
  40  6:02  Pylon  
  40  6:05  Pylon  
  40  6:08  Stalker x4  
  40  6:09  Stalker x3  
  54  6:35  Forge  
  54  6:39  Twilight Council  
  54  6:40  Probe (Chrono Boost)  
  54  6:44  Probe (Chrono Boost)  
  56  6:47  Probe (Chrono Boost)  
  56  6:51  Probe (Chrono Boost)  
  58  6:55  Probe (Chrono Boost)  
  58  6:57  Gateway  
  58  6:58  Probe (Chrono Boost)  
  58  6:59  Gateway  
  61  7:01  Probe (Chrono Boost)  
  61  7:02  Gateway  
  61  7:05  Probe (Chrono Boost)  
  63  7:08  Probe (Chrono Boost)  
  63  7:11  Pylon  
  63  7:12  Pylon, Probe (Chrono Boost)  
  64  7:16  Probe (Chrono Boost)  
  64  7:17  Pylon  
  64  7:19  Stalker, Probe (Chrono Boost)  
  64  7:20  Stalker, Blink  
  64  7:22  Probe (Chrono Boost)  
  71  7:26  Probe (Chrono Boost)  
  71  7:29  Probe (Chrono Boost)  
  73  7:30  Protoss Ground Weapons Level 2  
  73  7:37  Protoss Ground Armor Level 1  
  73  7:44  Stalker x5  
  75  7:45  Stalker  
  85  8:05  Stalker  
  85  8:06  Stalker x2  
  85  8:07  Stalker x3  
  85  8:12  Pylon  
  97  8:14  Pylon  
  97  8:15  Pylon  
  97  8:51  Stalker x6  
  97  8:52  Stalker x4  
  97  8:53  Stalker x2  
  121  9:00  Pylon x2  
  121  9:02  Pylon  
  121  9:17  Protoss Ground Armor Level 2  
  121  9:21  Stalker x5  
  121  9:22  Stalker x2  
  121  9:23  Stalker  
  137  9:32  Protoss Shields Level 1  
  137  9:43  Sentry x3  
  137  9:44  Sentry  
  145  9:54  Stalker  
  145  9:55  Stalker x4  
  145  9:56  Stalker  
  89  10:40  Stalker  
  89  10:41  Stalker x5  
  89  10:42  Stalker x5  
  69  11:34  Stalker x6  
  69  11:35  Stalker x4  
  69  11:36  Stalker  
  69  11:39  Assimilator  
  91  11:44  Assimilator  
  55  12:26  Stalker  
  55  12:27  Stalker x5  
  55  12:28  Stalker x5  
  55  12:29  Stalker  
  79  12:39  Protoss Ground Weapons Level 3  
  79  12:42  Charge  
  79  12:43  Zealot  
  81  12:46  Protoss Ground Armor Level 3  
  63  13:33  Stalker x3  
  63  13:34  Stalker x5  
  63  13:35  Stalker  
  73  13:51  Nexus  
  55  14:57  Assimilator  
  56  15:00  Assimilator, Probe (Chrono Boost)  
  56  15:10  Stalker  
  56  15:11  Stalker x4  
  56  15:12  Probe (Chrono Boost)  
  67  15:25  Probe (Chrono Boost)  
  68  15:37  Probe (Chrono Boost)  
  68  15:49  Probe (Chrono Boost)  
  69  15:52  Probe (Chrono Boost)  
  70  16:02  Stalker  
  70  16:03  Stalker x3, Probe (Chrono Boost)  
  79  16:04  Stalker x4  
  79  16:05  Stalker  
  89  16:14  Probe (Chrono Boost)  
  90  16:24  Probe (Chrono Boost)  
  91  16:35  Probe (Chrono Boost)  
  92  16:45  Probe (Chrono Boost)  
  93  16:48  Stalker x3  
  93  16:49  Stalker x3  
  105  16:56  Probe (Chrono Boost)  
Show
View Real Time Build Order
Export as new Build Order

Loken Zerg - Winner!

Build Orders: Hatch First 

Get SALT Encoding   

  12  0:02  Drone  
  13  0:13  Overlord  
  13  0:18  Drone  
  14  0:32  Drone x2  
  16  0:36  Drone  
  17  0:55  Hatchery  
  16  0:58  Drone  
  16  1:01  Drone  
  18  1:08  Drone  
  19  1:20  Spawning Pool  
  18  1:26  Overlord  
  18  1:33  Drone  
  18  1:37  Extractor  
  18  1:40  Drone  
  19  2:07  Roach Warren  
  18  2:10  Drone  
  18  2:11  Drone  
  18  2:12  Queen  
  18  2:13  Queen  
  18  2:15  Drone  
  25  2:27  Zergling x4  
  27  2:30  Drone x2  
  29  2:41  Drone  
  30  2:45  Drone  
  30  2:46  Drone  
  32  2:54  Drone  
  33  3:00  Extractor  
  33  3:02  Drone x2  
  34  3:07  Drone  
  35  3:32  Overlord x4  
  35  3:38  Lair  
  35  3:39  Metabolic Boost  
  35  3:54  Roach  
  35  3:55  Roach x4  
  45  3:59  Drone x4  
  45  4:00  Drone  
  50  4:04  Drone  
  50  4:05  Drone x2  
  53  4:20  Roach  
  53  4:21  Roach x2  
  58  4:37  Roach x4  
  66  4:45  Glial Reconstitution  
  66  4:49  Overlord  
  66  4:50  Overlord x4  
  66  5:11  Extractor  
  66  5:13  Drone x2, Extractor  
  66  5:14  Drone x4  
  68  5:15  Drone x2  
  72  5:22  Hatchery  
  70  5:51  Roach x5  
  70  5:52  Roach x5  
  90  6:14  Roach x3  
  90  6:15  Roach x2  
  100  6:40  Roach x4  
  100  6:41  Roach x3  
  100  6:42  Overlord x4  
  114  6:58  Overlord x4  
  114  6:59  Overlord  
  114  7:07  Infestation Pit  
  113  7:10  Spire  
  113  7:14  Drone x2  
  113  7:15  Drone x6  
  120  7:19  Queen  
  120  7:21  Drone  
  120  7:22  Drone x4  
  127  7:47  Roach  
  127  7:48  Roach x7  
  143  7:52  Tunneling Claws  
  143  7:55  Burrow  
  143  8:10  Roach  
  143  8:11  Roach x7  
  159  8:21  Hatchery  
  132  9:06  Queen  
  124  9:16  Mutalisk  
  112  9:17  Mutalisk x8  
  90  9:31  Extractor  
  77  9:33  Drone x5  
  77  9:34  Drone x2, Extractor  
  83  9:57  Hive  
  83  10:00  Zerg Flyer Weapons Level 1  
  83  10:06  Evolution Chamber  
  82  10:09  Evolution Chamber  
  82  10:11  Evolution Chamber  
  80  10:18  Zergling x10  
  80  10:19  Zergling x26  
  98  10:32  Zergling x20  
  98  10:33  Zergling x8  
  112  11:08  Zergling x2  
  112  11:09  Zergling x30  
  112  11:10  Zergling x2  
  129  11:39  Mutalisk  
  131  11:40  Mutalisk x11  
  149  12:00  Zergling x6  
  149  12:01  Zergling x8  
  156  12:05  Zerg Melee Weapons Level 1, Zerg Missile Weapons Level 1  
  156  12:06  Zerg Ground Armor Level 1  
  156  12:07  Adrenal Glands  
  156  12:40  Mutalisk x4  
  156  12:41  Mutalisk x5  
  126  13:11  Zerg Flyer Weapons Level 2  
  118  13:28  Zergling x8  
  118  13:29  Zergling x32  
  118  13:30  Zergling x16  
  146  13:55  Zergling x10  
  148  13:56  Zergling x20  
  148  13:59  Zergling x2  
  148  14:00  Zergling x6  
  148  14:02  Zerg Melee Weapons Level 2, Zerg Missile Weapons Level 2  
  165  14:03  Zerg Ground Armor Level 2  
  165  14:21  Zergling x2  
  165  14:22  Zergling x28  
  180  14:40  Hatchery  
  179  14:47  Zergling x2  
  179  14:48  Zergling x24  
  179  14:52  Overlord x3  
  192  14:53  Overlord x2  
  192  14:56  Pneumatized Carapace  
  190  15:27  Zerg Flyer Armor Level 1  
  110  16:36  Mutalisk x5  
  110  16:37  Mutalisk x18  
  145  16:56  Extractor  
  145  16:59  Extractor  
  139  17:22  Overseer  
  131  17:32  Drone  
  131  17:33  Drone x8  
  123  18:22  Overseer  
  123  18:23  Overseer x3  
Show
View Real Time Build Order
Export as new Build Order

FrogMint Zerg - Winner!

Build Orders: Pool First 

Get SALT Encoding   

  12  0:01  Drone  
  13  0:13  Overlord  
  13  0:17  Drone  
  14  0:31  Drone x2  
  16  0:37  Drone  
  17  0:43  Extractor  
  16  0:51  Spawning Pool, Drone  
  16  0:58  Drone  
  17  1:07  Drone  
  19  1:18  Drone  
  19  1:29  Drone  
  20  1:41  Queen  
  22  1:47  Overlord  
  22  1:59  Metabolic Boost  
  23  2:08  Drone x2  
  23  2:13  Drone  
  25  2:17  Queen  
  25  2:22  Hatchery  
  26  2:23  Zergling x2  
  27  2:34  Overlord  
  27  2:44  Drone  
  27  2:48  Spine Crawler  
  27  2:50  Drone x3  
  30  3:00  Drone  
  31  3:10  Drone  
  32  3:15  Extractor  
  31  3:20  Zergling x2  
  32  3:36  Zergling x6  
  32  3:39  Queen  
  37  3:49  Drone x3  
  40  3:59  Overlord x3  
  40  4:09  Lair  
  40  4:11  Drone x3  
  40  4:12  Drone  
  40  4:16  Queen  
  45  4:41  Drone x2  
  45  4:42  Drone x4  
  51  4:47  Spore Crawler  
  51  4:48  Spore Crawler  
  49  5:10  Zergling x4  
  49  5:11  Zergling x16  
  59  5:17  Spine Crawler  
  46  5:48  Zergling x4  
  46  5:53  Zergling x2  
  46  5:54  Zergling x12  
  46  5:56  Queen  
  55  6:23  Overseer  
  55  6:30  Extractor  
  54  6:36  Hydralisk Den  
  53  6:49  Extractor  
  53  6:51  Zergling x14  
  53  6:52  Queen, Zergling x10  
  53  6:53  Queen  
  68  7:11  Overlord x5  
  68  7:29  Hydralisk  
  68  7:30  Hydralisk x6  
  68  7:36  Muscular Augments  
  82  8:06  Hydralisk x8  
  82  8:09  Overlord  
  82  8:10  Hatchery  
  93  8:30  Hydralisk  
  93  8:31  Hydralisk x2  
  93  9:03  Hydralisk x5  
  93  9:05  Overlord  
  103  9:25  Drone x2  
  103  9:26  Drone x4  
  109  9:39  Drone x2, Hydralisk  
  113  10:07  Hydralisk x6  
  125  10:20  Hydralisk  
  125  10:21  Hydralisk x3  
  98  10:36  Hydralisk  
  98  10:37  Hydralisk x4  
  90  10:42  Hydralisk  
  90  10:43  Hydralisk  
  86  11:01  Hydralisk  
  86  11:02  Hydralisk x5  
  98  11:10  Overlord x2  
  94  11:33  Overseer  
  94  11:34  Overseer  
  88  11:58  Hydralisk  
  88  11:59  Hydralisk  
  76  12:17  Hydralisk  
  76  12:18  Hydralisk x11  
  90  12:29  Hydralisk  
  88  12:43  Hydralisk  
  88  12:44  Hydralisk x4  
  90  12:49  Hydralisk  
  66  13:14  Hydralisk x8  
  82  13:23  Overlord, Extractor  
  81  13:42  Hydralisk x6  
  93  14:01  Hydralisk x7  
  93  14:02  Hydralisk x2  
  111  14:14  Hydralisk  
  111  14:15  Hydralisk  
  113  14:38  Hydralisk  
  113  14:39  Hydralisk x4  
  119  15:02  Hydralisk  
  119  15:03  Hydralisk x4  
  129  15:22  Hydralisk  
  129  15:23  Hydralisk x3  
  137  16:00  Overlord x5  
  137  16:01  Overlord  
  137  16:32  Hydralisk x5  
  147  16:42  Overseer  
  143  17:26  Pneumatized Carapace  
  143  17:28  Hatchery  
  140  17:52  Overseer x2  
  140  17:54  Hydralisk  
  140  17:55  Hydralisk x7  
  156  18:29  Hatchery  
Tags
 
Add a new tag
Caveats
  • Supply blocks, unpowered buildings, or Contaminate may cause inaccurate times.
  • Supply counts are checked every 10 seconds.